AA CENTRAL
NORTHWEST ARKANSAS NATURALS @ SPRINGFIELD CARDINALS
08/24/2041
 
TOP OF THE 1ST
Northwest Arkansas Naturals batting - Pitching for Springfield Cardinals : RHP César Gómez
Pitching: RHP César Gómez
Batting: LHB Sonny Pouliot 0-0: Ball
1-0: Called Strike
1-1: Ball
2-1: Called Strike
2-2: Ball
3-2: Foul Ball, location: 7LMF
3-2: Foul Ball, location: 3DF
3-2: Foul Ball, location: 7LSF
3-2: Base on Balls
Batting: SHB Jesús Catete 0-0: Ball
1-0: SINGLE (Line Drive, 34D, EV 100.6 MPH)
Sonny Pouliot to second
Batting: LHB Rod Truong 0-0: Called Strike
0-1: Foul Ball, location: 7LMFF
0-2: Foul Ball, location: 5F
0-2: Ball
1-2: Ball
2-2: Foul Ball, location: 2F
2-2: SINGLE (Line Drive, 6D, EV 96.9 MPH)
Sonny Pouliot to third
Jesús Catete to second
Runner from 3rd tries for Home, throw by CF and OUT! 8-2
Batting: LHB Pete Barry 0-0: Grounds into double play, 4-6-3 (Groundball, 4, EV 85.6 MPH)
Top of the 1st over - 0 runs, 2 hits, 0 errors, 1 left on base; Northwest Arkansas 0 - Springfield 0
BOTTOM OF THE 1ST
Springfield Cardinals batting - Pitching for Northwest Arkansas Naturals : RHP Eric Scott
Pitching: RHP Eric Scott
Batting: RHB Mende Dodwell 0-0: Ball
1-0: Swinging Strike
1-1: Called Strike
1-2: Ball
2-2: Foul Ball, location: 5F
2-2: Strikes out swinging
Batting: LHB José Baca 0-0: Foul Ball, location: 3F
0-1: Foul Ball, location: 2F
0-2: Strikes out swinging
Batting: RHB Ronnie Watson 0-0: Called Strike
0-1: Ball
1-1: Ball
2-1: Ground out 6-3 (Groundball, 6, EV 84.4 MPH)
Bottom of the 1st over - 0 runs, 0 hits, 0 errors, 0 left on base; Northwest Arkansas 0 - Springfield 0
TOP OF THE 2ND
Northwest Arkansas Naturals batting - Pitching for Springfield Cardinals : RHP César Gómez
Batting: RHB Jake Woods 0-0: Ball
1-0: Foul Ball, location: 2F
1-1: Ball
2-1: Foul Ball, location: 2F
2-2: Foul Ball, location: 3F
2-2: Ball
3-2: Strikes out swinging
Batting: RHB Gil Reynolds 0-0: Ball
1-0: Called Strike
1-1: Ball
2-1: Ball
3-1: Fly out, F6 (Popup, 6MD, EV 72.5 MPH)
Batting: LHB Kevin Gray 0-0: Ball
1-0: Ball
2-0: Ball
3-0: Base on Balls
Batting: RHB Jorge Vargas 0-0: Fly out, F8 (Flyball, 8LM, EV 96.9 MPH)
Top of the 2nd over - 0 runs, 0 hits, 0 errors, 1 left on base; Northwest Arkansas 0 - Springfield 0
BOTTOM OF THE 2ND
Springfield Cardinals batting - Pitching for Northwest Arkansas Naturals : RHP Eric Scott
Batting: LHB Alex Wood 0-0: Ball
1-0: Called Strike
1-1: Ball
2-1: DOUBLE (Line Drive, 7LS, EV 97.5 MPH)
Batting: RHB Tony Vance 0-0: Ball
1-0: Ball
2-0: Foul Ball, location: 2F
2-1: Swinging Strike
2-2: Ball
3-2: Strikes out swinging
Batting: LHB Wilson Dampos 0-0: Called Strike
0-1: Single, Error in OF, E9, batter to second base (Line Drive, 89S, EV 103.1 MPH)
Alex Wood scores
Batting: RHB Dusty Robinson 0-0: Ball
1-0: Sac Bunt to 3S - play at first, batter safe!
Wilson Dampos to third
Batting: RHB Raúl Mora 0-0: Ball
Dusty Robinson is caught stealing 2nd base 2-4
1-0: DOUBLE (Line Drive, 9LS, EV 107.5 MPH)
Wilson Dampos scores
Batting: RHB Cris Castro 0-0: Fly out, F2 (Popup, 23F, EV 88.1 MPH)
Bottom of the 2nd over - 2 runs, 4 hits, 1 error, 1 left on base; Northwest Arkansas 0 - Springfield 2
TOP OF THE 3RD
Northwest Arkansas Naturals batting - Pitching for Springfield Cardinals : RHP César Gómez
Batting: RHB Phil Roberts 0-0: Called Strike
0-1: Swinging Strike
0-2: Strikes out swinging
Batting: LHB Sonny Pouliot 0-0: Ball
1-0: Fly out, F7 (Flyball, 7, EV 99.4 MPH)
Batting: SHB Jesús Catete 0-0: Ball
1-0: Ball
2-0: Called Strike
2-1: Swinging Strike
2-2: Ball
3-2: Strikes out swinging
Top of the 3rd over - 0 runs, 0 hits, 0 errors, 0 left on base; Northwest Arkansas 0 - Springfield 2
BOTTOM OF THE 3RD
Springfield Cardinals batting - Pitching for Northwest Arkansas Naturals : RHP Eric Scott
Batting: RHB Mende Dodwell 0-0: SINGLE (Line Drive, 8LS, EV 99.4 MPH)
Batting: LHB José Baca 0-0: Foul Ball, location: 7LDF
0-1: Called Strike
0-2: Ball
1-2: Strikes out swinging
Batting: RHB Ronnie Watson 0-0: Ball
1-0: Ball
2-0: Foul Ball, location: 3F
2-1: Foul Ball, location: 9LSF
2-2: Strikes out looking
Mende Dodwell is caught stealing 2nd base 2-4
Batter strikes out.
Bottom of the 3rd over - 0 runs, 1 hit, 0 errors, 0 left on base; Northwest Arkansas 0 - Springfield 2
TOP OF THE 4TH
Northwest Arkansas Naturals batting - Pitching for Springfield Cardinals : RHP César Gómez
Batting: LHB Rod Truong 0-0: Foul Ball, location: 5SF
0-1: Called Strike
0-2: Ball
1-2: Ball
2-2: Fly out, F2 (Popup, 2L, EV 93.1 MPH)
Batting: LHB Pete Barry 0-0: Ball
1-0: Called Strike
1-1: Ball
2-1: Called Strike
2-2: Ball
3-2: SOLO HOME RUN (Flyball, 9D, EV 98.8 MPH), Distance : 380 ft
Batting: RHB Jake Woods 0-0: Called Strike
0-1: Ball
1-1: Fly out, F7 (Flyball, 7, EV 89.4 MPH)
Batting: RHB Gil Reynolds 0-0: Foul Ball, location: 9LMF
0-1: Ball
1-1: Fly out, F7 (Flyball, 78M, EV 85.6 MPH)
Top of the 4th over - 1 run, 1 hit, 0 errors, 0 left on base; Northwest Arkansas 1 - Springfield 2
BOTTOM OF THE 4TH
Springfield Cardinals batting - Pitching for Northwest Arkansas Naturals : RHP Eric Scott
Batting: LHB Alex Wood 0-0: Foul Ball, location: 5SF
0-1: Ball
1-1: Swinging Strike
1-2: Ball
2-2: Foul Ball, location: 25F
2-2: Ball
3-2: Strikes out swinging
Batting: RHB Tony Vance 0-0: Ball
1-0: Foul Ball, location: 5DF
1-1: Swinging Strike
1-2: Fly out, F8 (Flyball, 89M, EV 91.3 MPH)
Batting: LHB Wilson Dampos 0-0: Ball
1-0: Ball
2-0: Ball
3-0: Called Strike
3-1: Base on Balls
Batting: RHB Dusty Robinson 0-0: 2-RUN HOME RUN (Flyball, 89XD, EV 105.0 MPH), Distance : 393 ft
Batting: RHB Raúl Mora 0-0: Ball
1-0: Ball
2-0: Ball
3-0: Foul Ball, location: 2F
3-1: Called Strike
3-2: Strikes out swinging
Bottom of the 4th over - 2 runs, 1 hit, 0 errors, 0 left on base; Northwest Arkansas 1 - Springfield 4
TOP OF THE 5TH
Northwest Arkansas Naturals batting - Pitching for Springfield Cardinals : RHP César Gómez
Batting: LHB Kevin Gray 0-0: Called Strike
0-1: Ball
1-1: Swinging Strike
1-2: Strikes out swinging
Batting: RHB Jorge Vargas 0-0: SOLO HOME RUN (Flyball, 9D, EV 101.9 MPH), Distance : 378 ft
Batting: RHB Phil Roberts 0-0: Foul Ball, location: 3F
0-1: Foul Ball, location: 23F
0-2: Ball
1-2: Strikes out looking
Batting: LHB Sonny Pouliot 0-0: Called Strike
0-1: Fly out, F2 (Popup, 25F, EV 84.4 MPH)
Top of the 5th over - 1 run, 1 hit, 0 errors, 0 left on base; Northwest Arkansas 2 - Springfield 4
BOTTOM OF THE 5TH
Springfield Cardinals batting - Pitching for Northwest Arkansas Naturals : RHP Eric Scott
Batting: RHB Cris Castro 0-0: Ball
1-0: Swinging Strike
1-1: Foul Ball, location: 9LSF
1-2: Ball
2-2: Foul Ball, location: 9LDF
2-2: Ball
3-2: Ground out 6-3 (Groundball, 56, EV 78.8 MPH)
Batting: RHB Mende Dodwell 0-0: Called Strike
0-1: Ball
1-1: Swinging Strike
1-2: Foul Ball, location: 3F
1-2: Strikes out swinging
Batting: LHB José Baca 0-0: Called Strike
0-1: Foul Ball, location: 7LDF
0-2: Ball
1-2: Ground out 4-3 (Groundball, 34D, EV 102.5 MPH)
Bottom of the 5th over - 0 runs, 0 hits, 0 errors, 0 left on base; Northwest Arkansas 2 - Springfield 4
TOP OF THE 6TH
Northwest Arkansas Naturals batting - Pitching for Springfield Cardinals : RHP César Gómez
Batting: SHB Jesús Catete 0-0: Ball
1-0: Foul Ball, location: 2LF
1-1: Called Strike
1-2: SINGLE (Line Drive, 78S, EV 98.8 MPH)
Batting: LHB Rod Truong 0-0: Fly out, F8 (Flyball, 78S, EV 96.3 MPH)
Batting: LHB Pete Barry 0-0: Ball
1-0: Ball
2-0: Called Strike
2-1: Foul Ball, location: 5SF
2-2: Foul Ball, location: 23F
2-2: Grounds into double play, 3-6-1 (Groundball, 34, EV 98.1 MPH)
Top of the 6th over - 0 runs, 1 hit, 0 errors, 0 left on base; Northwest Arkansas 2 - Springfield 4
BOTTOM OF THE 6TH
Springfield Cardinals batting - Pitching for Northwest Arkansas Naturals : RHP Eric Scott
Batting: RHB Ronnie Watson 0-0: Foul Ball, location: 7LSF
0-1: Foul Ball, location: 9LSF
0-2: Ball
1-2: Ground out U3 (Groundball, 13, EV 85.0 MPH)
Batting: LHB Alex Wood 0-0: Called Strike
0-1: Called Strike
0-2: Strikes out swinging
Batting: RHB Tony Vance 0-0: Ball
1-0: Swinging Strike
1-1: Ball
2-1: Called Strike
2-2: Strikes out looking
Bottom of the 6th over - 0 runs, 0 hits, 0 errors, 0 left on base; Northwest Arkansas 2 - Springfield 4
TOP OF THE 7TH
Northwest Arkansas Naturals batting - Pitching for Springfield Cardinals : RHP César Gómez
Batting: RHB Jake Woods 0-0: Ball
1-0: Ball
2-0: Called Strike
2-1: Fly out, F8 (Line Drive, 78M, EV 88.8 MPH)
Pitching: LHP Juan Corona
Batting: RHB Gil Reynolds 0-0: Called Strike
0-1: Swinging Strike
0-2: Strikes out swinging
Batting: LHB Kevin Gray 0-0: Called Strike
0-1: Ball
1-1: Foul Ball, location: 2F
1-2: Strikes out swinging
Top of the 7th over - 0 runs, 0 hits, 0 errors, 0 left on base; Northwest Arkansas 2 - Springfield 4
BOTTOM OF THE 7TH
Springfield Cardinals batting - Pitching for Northwest Arkansas Naturals : RHP Eric Scott
Batting: LHB Wilson Dampos 0-0: Ball
1-0: Ball
2-0: Ball
3-0: Called Strike
3-1: Base on Balls
Batting: RHB Dusty Robinson 0-0: Ball
1-0: Ball
2-0: Bunted foul
2-1: Foul Ball, location: 2F
2-2: Ball
3-2: Base on Balls
Wilson Dampos to second
Batting: RHB Raúl Mora 0-0: Sac Bunt to 25 - play at first, batter OUT! 5-3
Wilson Dampos to third
Dusty Robinson to second
Pitching: RHP Brad Reynolds
Batting: RHB Cris Castro 0-0: Called Strike
0-1: Ball
1-1: Ball
2-1: Called Strike
2-2: Ground out 5-3 (Groundball, 56S, EV 90.6 MPH)
Batting: RHB Mende Dodwell 0-0: SINGLE (Groundball, 34S, EV 72.5 MPH) (infield hit)
Wilson Dampos scores
Dusty Robinson to third
Batting: LHB José Baca 0-0: Foul Ball, location: 5FF
0-1: SINGLE (Groundball, 6M, EV 105.6 MPH) (infield hit)
Dusty Robinson scores
Mende Dodwell to second
Batting: RHB Ronnie Watson 0-0: Swinging Strike
0-1: Swinging Strike
0-2: Strikes out looking
Bottom of the 7th over - 2 runs, 2 hits, 0 errors, 2 left on base; Northwest Arkansas 2 - Springfield 6
TOP OF THE 8TH
Northwest Arkansas Naturals batting - Pitching for Springfield Cardinals : LHP Juan Corona
Batting: RHB Jorge Vargas 0-0: Called Strike
0-1: Fly out, F8 (Line Drive, 89M, EV 91.9 MPH)
Batting: RHB Phil Roberts 0-0: Foul Ball, location: 5SF
0-1: Ball
1-1: Called Strike
1-2: Ball
2-2: Foul Ball, location: 2RF
2-2: Foul Ball, location: 9LSFF
2-2: Foul Ball, location: 9LSF
2-2: Ball
3-2: Base on Balls
Batting: LHB Sonny Pouliot 0-0: Called Strike
0-1: Ball
1-1: Foul Ball, location: 2F
1-2: Ball
2-2: Foul Ball, location: 9LMF
2-2: Ball
3-2: Base on Balls
Phil Roberts to second
Batting: SHB Jesús Catete 0-0: Ball
1-0: Ball
2-0: Ball
3-0: Called Strike
3-1: Base on Balls
Phil Roberts to third
Sonny Pouliot to second
Batting: LHB Rod Truong 0-0: Ball
1-0: Ball
2-0: Foul Ball, location: 3SF
2-1: Called Strike
2-2: Foul Ball, location: 2F
2-2: Foul Ball, location: 5F
2-2: Grounds into double play, 6-4-3 (Groundball, 6, EV 99.4 MPH)
Top of the 8th over - 0 runs, 0 hits, 0 errors, 2 left on base; Northwest Arkansas 2 - Springfield 6
BOTTOM OF THE 8TH
Springfield Cardinals batting - Pitching for Northwest Arkansas Naturals : RHP Brad Reynolds
Batting: LHB Alex Wood 0-0: Ball
1-0: Foul Ball, location: 2F
1-1: Ball
2-1: Foul Ball, location: 2F
2-2: Ground out U3 (Groundball, 34, EV 101.3 MPH)
Batting: RHB Tony Vance 0-0: Ball
1-0: Ball
2-0: Called Strike
2-1: Ball
3-1: Base on Balls
Batting: LHB Wilson Dampos 0-0: Swinging Strike
Tony Vance is caught stealing 2nd base 2-6
0-1: Ball
1-1: Foul Ball, location: 2F
1-2: Ball
2-2: Foul Ball, location: 23F
2-2: Ground out 6-3 (Groundball, 6, EV 85.0 MPH)
Bottom of the 8th over - 0 runs, 0 hits, 0 errors, 0 left on base; Northwest Arkansas 2 - Springfield 6
TOP OF THE 9TH
Northwest Arkansas Naturals batting - Pitching for Springfield Cardinals : LHP Juan Corona
Batting: LHB Pete Barry 0-0: Fly out, F7 (Flyball, 78D, EV 90.6 MPH)
Batting: RHB Jake Woods 0-0: Ball
1-0: Ball
2-0: Called Strike
2-1: Ball
3-1: Called Strike
3-2: Strikes out looking
Batting: RHB Gil Reynolds 0-0: Swinging Strike
0-1: Ball
1-1: Called Strike
1-2: Strikes out swinging
Top of the 9th over - 0 runs, 0 hits, 0 errors, 0 left on base; Northwest Arkansas 2 - Springfield 6
Monday, April 1st , 2024 - OOTP Baseball 24.10 Build 82